 Dungeon Crawl Stone Soup version 0.28.0-53-g5a82cb258f (webtiles) character file.

Game seed: 8265825883465213825

3478 jiml777 the Conjurer (level 10, -5/84 HPs)
             Began as a Gargoyle Air Elementalist on June 14, 2022.
             Was an Initiate of Gozag.
             Slain by a vault guard
             ... wielding a +0 broad axe
              (23 damage)
             ... in a bailey.
             The game lasted 01:12:03 (9686 turns).

jiml777 the Conjurer (Gargoyle Air Elementalist)    Turns: 9686, Time: 01:12:04

Health: -5/84      AC: 13    Str: 11    XL:     10   Next: 7%
Magic:  4/18       EV: 12    Int: 21    God:    Gozag
Gold:   464        SH:  0    Dex: 10    Spells: 11/20 levels left

rFire   . . .      SeeInvis .   c - +2 dagger
rCold   . . .      Faith    .   (no shield)
rNeg    + . .      Spirit   .   l - +0 leather armour
rPois   ∞          Reflect  .   (no helmet)
rElec   +          Harm     .   (no cloak)
rCorr   +          Rampage  .   j - +2 pair of gloves
Will    +....                   (no boots)
Stlth   ..........              z - amulet of the acrobat
HPRegen 0.24/turn               b - ring of resist corrosion
MPRegen 0.16/turn               y - ring of willpower

@: berserking (expiring), attractive, very slightly contaminated, very quick
A: sickness immunity, AC +7, negative energy resistance 1, electricity
resistance, torment resistance 1, petrification resistance
a: Renounce Religion, Potion Petition, Call Merchant, Bribe Branch


You were in a bailey.
You worshipped Gozag.
Gozag was aware of your devotion.
You visited 2 branches of the dungeon, and saw 8 of its levels.
You also visited: Ossuary and Bailey.

You collected 543 gold pieces.
You paid 79 gold pieces to Gozag.

Inventory:

Hand Weapons
 c - a +2 dagger (weapon)
 h - a +0 hunting sling
Missiles
 g - 109 stones
 i - 14 poisoned darts
 m - 31 sling bullets
 p - 68 arrows
 s - 25 bolts
Armour
 a - a +0 robe
 j - a +2 pair of gloves (worn)
 l - a +0 leather armour (worn)
 t - an orb of mayhem
Magical Staves
 v - a staff of conjuration
Jewellery
 b - a ring of resist corrosion (left hand)
 y - a ring of willpower (right hand)
 z - an amulet of the acrobat (around neck)
Wands
 e - a wand of iceblast (11)
 o - a wand of flame (13)
Scrolls
 d - 2 scrolls of fog
 r - 3 scrolls of blinking
 w - a scroll of acquirement {unknown}
 x - 2 scrolls of noise {unknown}
Potions
 k - 2 potions of mutation
 n - a potion of ambrosia
 u - 3 potions of degeneration


   Skills:
 * Level 3.9 Fighting
 * Level 3.5 Short Blades
 + Level 0.3 Maces & Flails
 * Level 4.2 Armour
 * Level 3.6 Dodging
 - Level 3.0 Stealth
 + Level 5.7 Spellcasting
 + Level 6.4 Conjurations
 * Level 3.4 Hexes
 * Level 5.8 Air Magic


You had 11 spell levels left.
You knew the following spells:

 Your Spells              Type           Power      Damage    Failure   Level
a - Shock                 Conj/Air       100%       1d9       1%          1
b - Swiftness             Air            30%        N/A       3%          3
c - Slow                  Hex            80%        N/A       3%          1
d - Airstrike             Air            15%        N/A       12%         4

Your spell library contained the following spells:

 Spells                   Type           Power      Damage    Failure   Level
 Static Discharge         Conj/Air       31%        N/A       1%          2
 Confusing Touch          Hex            20%        N/A       10%         3
 Beastly Appendage        Tmut           12%        N/A       13%         1
 Summon Small Mammal      Summ           24%        N/A       13%         1
 Wereblood                Tmut           6%         N/A       19%         2
 Summon Guardian Golem    Hex/Summ       13%        N/A       19%         3
 Call Canine Familiar     Summ           6%         N/A       36%         3
 Spider Form              Tmut/Pois      6%         N/A       36%         3
 Vampiric Draining        Necr           6%         2d6       36%         3


Dungeon Overview and Level Annotations

Branches:
Dungeon (7/15)             Temple (1/1) D:6         Ossuary (visited)
 Bailey (1/1)

Altars:
Ashenzari
Cheibriados
Dithmenos
Elyvilon
Fedhas
Gozag
Hepliaklqana
Kikubaaqudgha
Makhleb
Nemelex Xobeh
Okawaru
Qazlal
Ru
Sif Muna
Trog
Vehumet
Wu Jian
Xom
Yredelemnul
Zin
The Shining One


Innate Abilities, Weirdness & Mutations

You are immune to sickness and miasma.
Your stone body is resilient. (AC +7)
You are immune to poison.
You resist negative energy. (rN+)
You are resistant to electric shocks. (rElec)
You are resistant to unholy torment.
You are immune to petrification.


Message History

The vault guard is moderately wounded.
You puncture the vault guard!
The vault guard is heavily wounded.
You hit the vault guard but do no damage.
The vault guard is heavily wounded.
The vault guard misses you.
You barely miss the vault guard.
The vault guard is moderately wounded.
You hit the vault guard.
The vault guard is heavily wounded.
The vault guard hits you with a +0 broad axe!
You barely miss the vault guard.
The vault guard is heavily wounded.
You puncture the vault guard!
The vault guard is heavily wounded.
You hit the vault guard but do no damage.
The vault guard is heavily wounded.
The vault guard hits you with a +0 broad axe!
You closely miss the vault guard.
The vault guard is heavily wounded.
You barely miss the vault guard.
The vault guard is heavily wounded.
You closely miss the vault guard.
The vault guard is heavily wounded.
The vault guard hits you with a +0 broad axe!
* * * LOW HITPOINT WARNING * * *
You barely miss the vault guard.
The vault guard is heavily wounded.
You barely miss the vault guard.
The vault guard is heavily wounded.
The vault guard hits you with a +0 broad axe.
* * * LOW HITPOINT WARNING * * *
You are too berserk!
You puncture the vault guard!
The vault guard is severely wounded.
You hit the vault guard but do no damage.
The vault guard is severely wounded.
The vault guard hits you with a +0 broad axe!!
You die...
Your body crumbles into a pile of gold.

#.....# #.∩.∩.#
######.....#
##...)##...####
##......#'#'#≈≈##
#....#.)..#≈≈≈≈≈#
#..####...#≈≈≈≈≈#
#.....#...#≈≈≈≈≈#
#...@.#...##≈≈≈##
###p###.)####)###
#≈≈.)≈#..)).))..#
#≈≈..≈####......#
##≈≈.≈##≈##.....#
#≈≈p≈≈≈≈≈#....##
#≈≈..≈≈≈≈##..##
##≈≈..≈≈≈≈≈#.##
#≈≈.)..≈≈≈≈###


You could see a vault guard (slow).

Vanquished Creatures
  Prince Ribbit (Bailey)
  Sigmund (D:4)
  4 humans (Bailey)
  3 black bears
  A necrophage (D:6)
  3 ogres
  A centaur (D:6)
  4 scorpions
  10 bullfrogs
  A gnoll sergeant (D:6)
  2 water moccasin skeletons
  A howler monkey (D:6)
  A centaur zombie (Ossuary)
  A bullfrog zombie (D:5)
  4 human zombies (Ossuary)
  3 orc priests (D:6)
  2 jellies
  2 hounds
  An iguana (D:6)
  3 orc wizards
  A hound skeleton (D:5)
  2 mummies (Ossuary)
  4 gnolls
  A howler monkey skeleton (D:5)
  6 adders
  An ufetubus (D:4)
  2 worms (D:2)
  2 dart slugs
  23 orcs
  2 bats (D:2)
  12 endoplasms
  2 giant cockroaches
  16 goblins
  14 hobgoblins
  8 jackals
  4 quokkas
  6 ball pythons
  4 frilled lizards
  A goblin zombie (Ossuary)
  10 hobgoblin zombies (Ossuary)
  2 jackal zombies (Ossuary)
  6 kobolds
  9 kobold zombies (Ossuary)
  8 orc zombies (Ossuary)
  11 rats
  2 rat zombies (Ossuary)
208 creatures vanquished.

Notes
Turn   | Place    | Note
-------+----------+-------------------------------------------
     0 | D:1      | jiml777 the Gargoyle Air Elementalist began the quest for
                  | the Orb.
     0 | D:1      | Reached XP level 1. HP: 10/10 MP: 3/3
   100 | D:1      | Reached XP level 2. HP: 7/15 MP: 1/5
   981 | D:1      | Reached XP level 3. HP: 19/19 MP: 4/6
  1821 | D:2      | Reached XP level 4. HP: 22/24 MP: 2/8
  2139 | D:2      | Reached skill level 1 in Fighting
  2776 | D:2      | Reached skill level 2 in Conjurations
  2952 | D:3      | Reached XP level 5. HP: 29/29 MP: 5/9
  3962 | D:4      | Noticed Sigmund
  4046 | D:4      | Killed Sigmund
  4047 | D:4      | Reached skill level 1 in Armour
  4047 | D:4      | Reached skill level 3 in Conjurations
  4047 | D:4      | Reached XP level 6. HP: 6/34 MP: 5/11
  4454 | D:4      | Found a hazy altar of Hepliaklqana.
  4511 | D:4      | Reached skill level 1 in Short Blades
  4621 | D:4      | Noticed a black bear
  4642 | D:4      | Killed a black bear
  4643 | D:4      | Reached XP level 7. HP: 15/38 MP: 3/13
  5052 | D:4      | Found an ornate altar of the Wu Jian Council.
  5053 | D:4      | Found a stormy altar of Qazlal.
  5072 | D:4      | Learned a level 3 spell: Swiftness
  5074 | D:4      | Learned a level 1 spell: Slow
  5079 | D:4      | Learned a level 4 spell: Airstrike
  5143 | D:4      | Found a bloodstained altar of Trog.
  5418 | D:4      | Found a burning altar of Makhleb.
  5418 | D:4      | Noticed a green death
  5422 | D:4      | Noticed a ynoxinul
  5422 | D:4      | Noticed a ynoxinul
  5502 | D:5      | Entered Level 5 of the Dungeon
  5803 | D:5      | Reached skill level 1 in Hexes
  5803 | D:5      | Reached XP level 8. HP: 33/44 MP: 14/14
  5888 | D:5      | Reached skill level 4 in Conjurations
  6324 | D:5      | Found a white marble altar of Elyvilon.
  6665 | D:6      | Found a sand-covered staircase.
  6672 | Ossuary  | Entered an ossuary
  7479 | D:6      | Reached skill level 5 in Conjurations
  7648 | D:6      | Reached XP level 9. HP: 34/49 MP: 12/16
  7789 | D:6      | Found a staircase to the Ecumenical Temple.
  7804 | Temple   | Entered the Ecumenical Temple
  7909 | Temple   | Became a worshipper of Gozag Ym Sagoz the Greedy
  8151 | D:6      | Reached skill level 5 in Spellcasting
  8326 | D:6      | Reached skill level 5 in Air Magic
  8506 | D:6      | Reached skill level 6 in Conjurations
  8812 | D:7      | Found a flagged portal.
  8881 | Bailey   | Entered a bailey
  9485 | Bailey   | Noticed Prince Ribbit
  9494 | Bailey   | Killed Prince Ribbit
  9495 | Bailey   | Reached XP level 10. HP: 41/56 MP: 3/18
  9640 | Bailey   | Noticed a vault guard
  9686 | Bailey   | Slain by a vault guard

Illustrated notes

Levels and vault maps discovered:
D:1:      lightli_arrival_chessboard, layout_loops_corners,
          serial_bayou_crossing
D:2:      layout_loops_cross
D:3:      layout_rooms, minmay_misc_feat_plants, st_stairs_3,
          minmay_misc_feat_roman, minmay_curled_crystal
D:4:      kennysheep_big_flooded_room, layout_loops_ring, trog_book,
          makhleb_altar_promises_db, mainiacjoe_overflow_big_doors,
          mainiacjoe_overflow_concentric_impassable, kennysheep_pointless_box,
          uniq_sigmund
D:5:      layout_cave_pools, mainiacjoe_overflow_catwalk
D:6:      layout_rooms, minmay_temple_entry_glassed_door,
          lightli_ossuary_entry_decrepit_ruins
D:7:      layout_basic, enter_bailey_5, serial_co_window_serial,
          co_window_cross_1, co_window_corner_a, co_window_paths_a,
          co_window_paths_b, co_window_corner_a, co_window_unsneaky_path_a,
          co_window_broadway_a, co_window_cross_2, co_window_broadway_a,
          co_window_of_opportunity_b, co_window_unsneaky_path_d,
          glass_columns_c, glass_columns_c
Temple:   nicolae_temple_elliptical
Bailey:   bailey_axe_froggy_fort_hellmonk, bailey

Skill      XL: |  1  2  3  4  5  6  7  8  9 |
---------------+----------------------------+-----
Air Magic      | 3 4 5 |  5.8
Fighting       | 1 2 3 |  3.9
Spellcasting   | 3 4 5 |  5.7
Conjurations   | 2 3 5 6 |  6.4
Armour         | 1 2 3 4 |  4.2
Dodging        | 2 3 |  3.6
Short Blades   | 1 2 3 |  3.5
Hexes          | 1 2 3 |  3.4
Stealth        | 3 |  3.0
Maces & Flails | |  0.3

Action                   |  1- 3 |  4- 6 |  7- 9 | 10-12 || total
-------------------------+-------+-------+-------+-------++-------
Melee: Club              |    23 |       |       |       ||    23
       Dagger            |       |    51 |   240 |    24 ||   315
       Punch             |       |       |     4 |       ||     4
 Cast: Shock             |    56 |   111 |   233 |    13 ||   413
       Swiftness         |       |       |     2 |       ||     2
       Slow              |       |       |       |     2 ||     2
       Airstrike         |       |       |       |     1 ||     1
  Use: Potion            |     1 |     2 |     2 |     3 ||     8
       Scroll            |     2 |     5 |     6 |       ||    13
Armor: Robe              |    19 |    15 |       |       ||    34
       Leather armour    |       |    61 |   186 |     5 ||   252
Dodge: Dodged            |    34 |    73 |   195 |    18 ||   320
